 Dungeon Crawl Stone Soup version 0.29-a0-509-g793eeb5391 (webtiles) character file.

Game seed: 14430953375904008963

47 Lekart the Skirmisher (level 3, -3/29 HPs)
             Began as a Draconian Chaos Knight on May 29, 2022.
             Was a Plaything of Xom.
             Slain by a meliai (shapeshifter) (7 damage)
             ... on level 2 of the Dungeon.
             The game lasted 00:01:19 (1457 turns).

Lekart the Skirmisher (Draconian Chaos Knight)      Turns: 1457, Time: 00:01:20

Health: -3/29      AC:  5    Str: 14      XL:     3   Next: 48%
Magic:  3/3        EV: 12    Int: 10 (12) God:    Xom [....*.]
Gold:   78         SH:  0    Dex: 12      Spells: 2/2 levels left

rFire   . . .      SeeInvis .   a - +0 falchion (chaos)
rCold   . . .      Faith    .   (no shield)
rNeg    . . .      Spirit   .   (body armour unavailable)
rPois   .          Reflect  .   (helmet restricted)
rElec   .          Harm     .   e - scarf {repulsion}
rCorr   .          Rampage  .   (no gloves)
Will    .....                   (no boots)
Stlth   +.........              (no amulet)
HPRegen 0.09/turn               (no ring)
MPRegen 0.08/turn               (no ring)

@: lethally poisoned (-3 -> -16), repel missiles
A: AC +5, unfitting armour, cold-blooded, stinger 1, deterioration 2, frail 1
a: Renounce Religion


You were on level 2 of the Dungeon.
You worshipped Xom.
You were a beloved toy of Xom.
You visited 1 branch of the dungeon, and saw 2 of its levels.

You collected 78 gold pieces.

Inventory:

Hand Weapons
 a - a +0 falchion of chaos (weapon)
Armour
 e - a scarf of repulsion (worn)
Wands
 h - a wand of flame (15)
Scrolls
 c - a scroll of teleportation {unknown}
 f - a scroll of identify
 i - a scroll of immolation {unknown}
Potions
 d - 2 potions of curing
 g - a potion of brilliance
 j - a potion of mutation {unknown}
Miscellaneous
 b - a piece from Xom's chessboard (15/15) (quivered)


   Skills:
 * Level 4.2 Fighting
 + Level 3.6 Long Blades
 + Level 2.4 Dodging


You had 2 spell levels left.
You didn't know any spells.
Your spell library contained the following spells:

 Spells                   Type           Power      Damage    Failure   Level
 Blink                    Tloc           0%         N/A       50%         2
 Gell's Gravitas          Tloc           0%         N/A       75%         3
 Lesser Beckoning         Tloc           0%         N/A       75%         3
 Teleport Other           Tloc           0%         N/A       75%         3
 Manifold Assault         Tloc           0%         N/A       100%        5
 Storm Form               Tmut/Air       0%         N/A       100%        7


Dungeon Overview and Level Annotations

Branches:
Dungeon (2/15)

Altars:

Annotations:
D:2 1 runed translucent door, Crazy Yiuf


Innate Abilities, Weirdness & Mutations

Your plain brown scales are hard. (AC +5)
You cannot fit into any form of body armour.
You are cold-blooded and may be slowed by cold attacks.
Your tail ends in a venomous barb.
Your body often deteriorates upon taking damage.
You are frail. (-10% HP)


Message History

You see here a +0 mace.
A hobgoblin comes into view.
The hobgoblin shouts!
The hobgoblin hits you but does no damage.
A hobgoblin is nearby!
You hit the hobgoblin but do no damage. The hobgoblin barely misses you.
A hobgoblin is nearby!
You completely miss the hobgoblin. The hobgoblin closely misses you.
A hobgoblin is nearby!
You hit the hobgoblin.
The hobgoblin seems to speed up.
Your tail-slap misses the hobgoblin.
The hobgoblin is heavily wounded.
The hobgoblin barely misses you. The hobgoblin hits you.
A hobgoblin is nearby!
You barely miss the hobgoblin.
The hobgoblin is heavily wounded.
The hobgoblin hits you but does no damage.
The hobgoblin closely misses you.
A hobgoblin is nearby!
You hit the hobgoblin.
The hobgoblin changes into a shapeshifter!
The shapeshifter is moderately wounded.
The shapeshifter changes into a meliai!
A meliai is nearby!
You miss the meliai.
The meliai is lightly wounded.
The meliai hits you. The meliai stings you.
Your body deteriorates!
You feel dopey. The meliai barely misses you. The meliai stings you.
You are lethally poisoned!
The meliai poisons you!
There is a lethal amount of poison in your body!
You hit the meliai.
The meliai is poisoned.
Your tail-slap misses the meliai.
The meliai is moderately wounded.
Your body deteriorates!
You feel dopey.
You feel very sick. The meliai hits you!
* * * LOW HITPOINT WARNING * * *
The meliai stings you!
You die...
Xom roars with laughter!

#######.# **
######## #.#
# #.#
***#######
#.# *
,>...... #.#
* *#######
#.# *,* #
#.# *,* #
#.########,*
#
#.@y......,*
# ##########
* #


You could see a meliai shaped shifter (very poisoned).

Vanquished Creatures
  2 worms (D:2)
  3 dart slugs (D:1)
  4 endoplasms
  7 goblins
  4 hobgoblins
  4 kobolds (D:1)
  A quokka (D:2)
  4 ball pythons
  2 bats (D:1)
  A frilled lizard (D:1)
  A rat (D:1)
33 creatures vanquished.

Notes
Turn   | Place    | Note
-------+----------+-------------------------------------------
     0 | D:1      | Lekart the Draconian Chaos Knight began the quest for the
                  | Orb.
     0 | D:1      | Reached XP level 1. HP: 19/19 MP: 1/1
    19 | D:1      | Found Guikhluc's Weapon Emporium.
   107 | D:1      | Reached XP level 2. HP: 17/27 MP: 2/2
   244 | D:1      | XOM: cloud trail
   266 | D:1      | XOM: divination: detect items
   342 | D:1      | Found a faded altar of an unknown god.
   343 | D:1      | XOM: god gift: scroll labelled XOS YDIKKOIROSK {god gift}
   557 | D:1      | Reached skill level 4 in Fighting
   598 | D:1      | XOM: fake destruction
   604 | D:1      | Reached XP level 3. HP: 33/33 MP: 3/3
   642 | D:1      | XOM: divination: magic mapping
   831 | D:1      | XOM is BORED!
   831 | D:1      | XOM: give mutations
   831 | D:1      | Gained mutation: You sometimes lose the ability to read
                  | scrolls when taking damage. [Xom's mischief]
   831 | D:1      | Gained mutation: You are frail. (-10% HP) [Xom's mischief]
  1111 | D:2      | XOM: divination: magic mapping
  1251 | D:2      | XOM: smoke on damage
  1349 | D:2      | XOM: give mutations
  1349 | D:2      | Lost mutation: You sometimes lose the ability to read
                  | scrolls when taking damage. [Xom's mischief]
  1349 | D:2      | Gained mutation: Your body sometimes deteriorates upon
                  | taking damage. [Xom's mischief]
  1349 | D:2      | Gained mutation: Your tail ends in a venomous barb. [Xom's
                  | mischief]
  1349 | D:2      | Gained mutation: Your body often deteriorates upon taking
                  | damage. [Xom's mischief]
  1382 | D:2      | Found a runed translucent door.
  1383 | D:2      | Noticed Crazy Yiuf
  1455 | D:2      | Noticed a shapeshifter
  1455 | D:2      | a hobgoblin changed into a shapeshifter
  1455 | D:2      | Noticed a meliai
  1455 | D:2      | a shapeshifter changed into a meliai
  1457 | D:2      | Slain by a meliai (shapeshifter)

Illustrated notes

Levels and vault maps discovered:
D:1:      beargit_arrival_diablo_church, layout_loops_ring, serial_shops, shop,
          ebering_ecumenical_altar_hall
D:2:      layout_loops_ring, item_on_display_a, uniq_crazy_yiuf_cottage,
          uniq_jessica

Skill      XL: |  1  2 |
---------------+-------+-----
Fighting       | 4 |  4.2
Long Blades    | |  3.6
Dodging        | |  2.4

Action                   || total
-------------------------++-------
Melee: Falchion          ||    93
       Tailslap          ||     8
       Punch             ||     1
  Use: Scroll            ||     2
       Potion            ||     1
 Stab: Sleeping          ||     3
Armor: Skin              ||    13
Dodge: Dodged            ||    54

Table legend: (Time is in decaauts)
 A = Elapsed time spent in this place.
 B = Non-inter-level travel time spent in this place.
 C = Inter-level travel time spent in this place.
 D = Time resting spent in this place.
 E = Time spent auto-exploring this place.
 F = Levels seen in this place.
 G = Mean time per level.
                   A        B        C        D        E       F      G
               +--------+--------+--------+--------+--------+-----+--------+
         Total |   1469 |   1457 |     12 |      0 |   1200 |   2 |  734.5 |
       Dungeon |   1469 |   1457 |     12 |      0 |   1200 |   2 |  734.5 |
               +--------+--------+--------+--------+--------+-----+--------+

Top non-repeatable levels by time:
     D:1: 924 daAuts
     D:2: 545 daAuts
